 Dungeon Crawl Stone Soup version 0.29.1-2-gbd0b4ee654 (webtiles) character file.

Game seed: 12745130620902786731

1068 Earthwalker the Trooper (level 8, -1/71 HPs)
             Began as a Minotaur Fighter on Oct 23, 2022.
             Slain by Pikel
             ... wielding a +2 whip of freezing
              (6 damage)
             ... on level 5 of the Dungeon.
             The game lasted 00:08:24 (5785 turns).

Earthwalker the Trooper (Minotaur Fighter)          Turns: 5785, Time: 00:08:24

Health: -1/71      AC:  7    Str: 23    XL:     8   Next: 7%
Magic:  7/7        EV:  9    Int: 11    God:
Gold:   277        SH: 10    Dex: 13    Spells: 7/7 levels left

rFire   . . .      SeeInvis .   a - +0 war axe
rCold   . . .      Faith    .   m - +0 kite shield
rNeg    . . .      Spirit   .   u - +0 scale mail "Healiep" {+Inv Dex+3}
rPois   .          Reflect  .   (helmet restricted)
rElec   .          Harm     .   (no cloak)
rCorr   .          Rampage  .   (no gloves)
Will    .....                   (no boots)
Stlth   ..........              v - amulet of the acrobat
HPRegen 0.21/turn               j - +6 ring of intelligence
MPRegen 0.10/turn               (no ring)

@: no status effects
A: horns 2, retaliatory headbutt
a: Evoke Invisibility


You were on level 5 of the Dungeon.
You visited 1 branch of the dungeon, and saw 6 of its levels.

You collected 277 gold pieces.

Inventory:

Hand Weapons
 a - a +0 war axe (weapon)
Missiles
 o - 3 poisoned darts (quivered)
 x - 3 boomerangs of dispersal
 D - 3 throwing nets
Armour
 b - a +0 scale mail
 c - a +0 buckler
 m - a +0 kite shield (worn)
 u - the +0 scale mail "Healiep" (worn) {+Inv Dex+3}
   (You found it on level 2 of the Dungeon)

   Dex:       It affects your dexterity (+3).
   +Inv:      It lets you turn invisible.
Jewellery
 j - a +6 ring of intelligence (left hand)
 v - an amulet of the acrobat (around neck)
Wands
 B - a wand of mindburst (12)
 E - a wand of flame (32)
Scrolls
 e - 2 scrolls of fear {unknown}
 f - 5 scrolls of brand weapon {unknown}
 h - 6 scrolls of vulnerability {unknown}
 n - a scroll of blinking {unknown}
 r - 2 scrolls of amnesia {unknown}
 s - 7 scrolls of identify {unknown}
 t - 2 scrolls of enchant weapon {unknown}
 w - 2 scrolls of torment {unknown}
 y - 3 scrolls of teleportation {unknown}
 G - a scroll of immolation {unknown}
Potions
 d - 3 potions of might
 g - 2 potions of haste {unknown}
 i - 2 potions of heal wounds {unknown}
 k - 2 potions of mutation {unknown}
 l - 6 potions of curing {unknown}
 p - 2 potions of lignification {unknown}
 q - a potion of resistance {unknown}
 z - a potion of degeneration {unknown}
 A - 2 potions of cancellation {unknown}
 C - 2 potions of attraction {unknown}
 F - a potion of flight {unknown}


   Skills:
 * Level 6.5 Fighting
 * Level 5.8 Axes
 * Level 6.3 Armour
 + Level 3.0 Dodging
 * Level 6.3 Shields


You had 7 spell levels left.
You didn't know any spells.
Your spell library contained the following spells:

 Spells                   Type           Power      Damage    Failure   Level
 Magic Dart               Conj           0%         1d3       92%         1
 Call Imp                 Summ           0%         N/A       98%         2
 Ignite Poison            Fire/Tmut/Pois 0%         N/A       100%        3
 Mephitic Cloud           Conj/Pois/Air  0%         N/A       100%        3
 Petrify                  Tmut/Erth      0%         N/A       100%        4
 Freezing Cloud           Conj/Ice/Air   0%         6-21      100%        5
 Metabolic Englaciation   Hex/Ice        0%         N/A       100%        5
 Statue Form              Tmut/Erth      0%         N/A       100%        6


Dungeon Overview and Level Annotations

Branches:
Dungeon (6/15)
 Temple: D:4-7

Altars:
Hepliaklqana
Makhleb
Vehumet
Wu Jian

Shops:
D:1 !   D:3 (

Annotations:
D:3 1 runed translucent door, LabCoat's ghost, amateur HOFi
D:5 Pikel


Innate Abilities, Weirdness & Mutations

You have a pair of horns on your head.
You reflexively headbutt those who attack you in melee.


Message History

Pikel attacks as you move away!
Pikel hits you with a +2 whip of freezing.
Pikel freezes you.
You feel sick. You block the water moccasin's attack.
The water moccasin attacks as you move away!
The water moccasin bites you but does no damage.
You feel sick.
Pikel cracks his whip.
The water moccasin completely misses you.
You furiously retaliate!
You headbutt the water moccasin.
You feel sick.
You closely miss the water moccasin. You headbutt the water moccasin.
The water moccasin is moderately wounded.
You feel sick. The water moccasin closely misses you.
You block the water moccasin's attack.
You hit the water moccasin.
You headbutt the water moccasin, but do no damage.
The water moccasin is moderately wounded.
You feel sick. You block the water moccasin's attack.
The water moccasin completely misses you.
You slash the water moccasin!
The water moccasin is almost dead.
You feel sick. The water moccasin barely misses you.
The water moccasin bites you!
* * * LOW HITPOINT WARNING * * *
You slash the water moccasin!
You kill the water moccasin!
You feel sick.
You are no longer poisoned.
Your Dodging skill increases to level 3!
You have reached level 8!
You feel stronger.
You barely miss Pikel. Your headbutt misses Pikel.
Pikel zaps a wand.
The puff of flame hits you but does no damage.
You hit Pikel.
Pikel is lightly wounded.
Pikel zaps a wand.
You block the puff of flame. Pikel barely misses you.
You slash Pikel!
Pikel is moderately wounded.
Pikel hits you with a +2 whip of freezing.
You die...

.#######♣...♣≈≈≈#................
.......'.._.8≈≈≈##.....###......#
.......#♣...♣≈≈≈#...###.##.##....
.......##♣.♣≈≈≈##.#####.##.##.#..
.......#########.................
.......#................#..#..###
.......#........#######.#.....#
.......#.#+#..##...........##.###
..^....#.#.#.>5K@................
)).....#.#.#.#.###..###.#........
[).......#.#.....#..# #.##.##.###
.............##.....###.#.....###
.#######.........................
.#######...#.##.#######.#.#######
...........#.##.# ###........
#.#######..#.##.# ######### <.#
#..#....#


You could see Pikel and a lemure.

Vanquished Creatures
  2 water moccasins (D:5)
  2 scorpions (D:4)
  A hound (D:5)
  An orc priest (D:5)
  3 iron imps (D:5)
  2 gnoll boudas
  5 iguanas
  2 orc wizards (D:5)
  19 gnolls
  7 adders
  A worm (D:3)
  3 dart slugs
  7 orcs
  8 ball pythons
  11 endoplasms
  6 giant cockroaches
  8 hobgoblins
  11 kobolds
  5 quokkas
  A bat (D:1)
  A frilled lizard (D:1)
  13 goblins
  5 rats
124 creatures vanquished.

Vanquished Creatures (others)
  4 plants (D:4)
4 creatures vanquished.

Grand Total: 128 creatures vanquished

Notes
Turn   | Place    | Note
-------+----------+-------------------------------------------
     0 | D:1      | Earthwalker the Minotaur Fighter began the quest for the
                  | Orb.
     0 | D:1      | Reached XP level 1. HP: 19/19 MP: 0/0
   147 | D:1      | Found Gato's Distillery.
   205 | D:1      | Reached XP level 2. HP: 27/27 MP: 1/1
   335 | D:1      | Found a faded altar of an unknown god.
   760 | D:1      | Reached XP level 3. HP: 29/33 MP: 2/2
  1102 | D:2      | Reached skill level 1 in Dodging
  1114 | D:2      | Reached XP level 4. HP: 38/41 MP: 3/3
  1272 | D:2      | Identified the +0 scale mail "Healiep" {+Inv Dex+3}
  1512 | D:3      | Noticed LabCoat's ghost (amateur HOFi)
  1520 | D:3      | Found a runed translucent door.
  1810 | D:3      | Found a radiant altar of Vehumet.
  2048 | D:3      | Reached XP level 5. HP: 40/47 MP: 4/4
  2229 | D:3      | Found Rihoot's Antique Weapon Emporium.
  2436 | D:4      | Reached skill level 5 in Fighting
  2780 | D:4      | Reached skill level 5 in Armour
  2780 | D:4      | Reached skill level 5 in Shields
  2780 | D:4      | Reached XP level 6. HP: 15/56 MP: 5/5
  3516 | D:4      | Found an ornate altar of the Wu Jian Council.
  3989 | D:5      | Entered Level 5 of the Dungeon
  4009 | D:5      | Reached XP level 7. HP: 47/61 MP: 6/6
  4122 | D:5      | Reached skill level 5 in Axes
  5298 | D:5      | Identified the +6 quarterstaff of Evisceration {spect,
                  | rN++}
  5483 | D:5      | Found a burning altar of Makhleb.
  5712 | D:5      | Found a hazy altar of Hepliaklqana.
  5771 | D:6      | Noticed Pikel
  5783 | D:5      | Reached XP level 8. HP: 4/71 MP: 7/7
  5785 | D:5      | Slain by Pikel

Illustrated notes

Levels and vault maps discovered:
D:1:      co_arrival_random_square_maze, layout_basic, serial_shops, shop,
          ebering_ecumenical_altar_petrified
D:2:      layout_loops_cross, st_stairs_14
D:3:      layout_basic, vehumet_crystals, serial_shops, shop,
          hellmonk_ghost_happy_afterlife, supply_closet_lemuel,
          minmay_goblin_outpost
D:4:      minmay_razor_zed, layout_basic, nicolae_wu_jian_wuxing_cycle,
          minmay_misc_feat_x, serial_bayou_pond_b
D:5:      layout_basic, worldfamousw_hep_ancestral_shrine, demons_altar
D:6:      layout_cave_pools, slow_altar_1, minmay_temple_entry_statues,
          serial_column_ruins, column_ruins_hut_ruined, column_ruins_open_tiny,
          column_ruins_open_medium, column_ruins_corridor_straight,
          column_ruins_columns_corner, serial_bayou_pond_d, uniq_pikel,
          uniq_duvessa

Skill      XL: |  1  2  3  4  5  6  7 |
---------------+----------------------+-----
Armour         | 4 5 6 |  6.3
Shields        | 4 5 6 |  6.3
Fighting       | 4 5 6 |  6.5
Axes           | 3 4 5 |  5.8
Dodging        | 1 2 3 |  3.0

Action                   |  1- 3 |  4- 6 |  7- 9 || total
-------------------------+-------+-------+-------++-------
Melee: War axe           |    72 |   144 |    92 ||   308
       Headbutt          |    10 |    20 |    14 ||    44
Throw: Dart              |       |     1 |       ||     1
Armor: Scale mail        |    28 |    37 |    29 ||    94
Dodge: Dodged            |    24 |    53 |    48 ||   125
Block: Buckler           |    10 |       |       ||    10
       Kite shield       |    14 |    87 |    52 ||   153
